Map: Overgrown Facility

Players

WarpigxxxL - Winner!

  • Race: Zerg Zerg
  • Spawn Location: 3:00

xBenx - Winner!

  • Race: Zerg Zerg
  • League: Gold
  • Spawn Location: 1:00

Curotto

  • Race: Protoss Protoss
  • Spawn Location: 9:00

Michel

  • Race: Terran Terran
  • Spawn Location: 7:00

VOD

Have the link to the VOD?

Description

xBenx, WarpigxxxL vs Michel, Curotto

Time

  • Played on: April 2, 2024, 7:55 p.m.
  • Length: 5:28
Show
View Real Time Build Order
Export as new Build Order

WarpigxxxL Zerg - Winner!

Build Orders: Pool First 

Get SALT Encoding   

  12  0:08  Overlord  
  12  0:14  Drone  
  12  0:18  Drone  
  14  0:32  Drone x2  
  16  0:46  Spawning Pool  
  16  0:47  Drone  
  16  1:04  Drone  
  16  1:05  Drone  
  18  1:23  Drone  
  18  1:24  Drone  
  20  1:35  Queen  
  20  1:38  Hatchery  
  21  1:40  Extractor  
  21  1:41  Drone  
  22  1:58  Overlord x2  
  22  2:09  Drone, Roach Warren  
  22  2:14  Hatchery  
  21  2:22  Drone  
  22  2:30  Drone  
  23  2:43  Lair  
  23  2:48  Extractor  
  23  2:49  Drone x4  
  26  2:56  Roach  
  28  3:07  Drone  
  29  3:28  Roach x3  
  29  3:32  Hatchery  
  34  3:36  Roach x2  
  34  3:39  Roach  
  40  3:43  Roach  
  42  3:49  Roach  
  42  3:53  Overlord  
  44  4:07  Overlord x2  
  44  4:19  Roach x2  
  44  4:20  Roach  
  50  4:28  Roach x2  
  54  4:56  Roach x4  
  54  4:57  Roach x2  
Show
View Real Time Build Order
Export as new Build Order

xBenx Zerg - Winner!

Build Orders: Hatch First 

Get SALT Encoding   

  12  0:02  Drone  
  13  0:13  Overlord  
  13  0:21  Drone  
  14  0:35  Drone  
  15  0:36  Drone  
  16  0:49  Drone  
  17  0:57  Hatchery  
  16  1:02  Drone  
  17  1:14  Drone x2  
  19  1:19  Extractor  
  19  1:25  Spawning Pool  
  17  1:30  Drone  
  18  1:56  Drone  
  19  2:09  Drone  
  19  2:11  Queen x2  
  19  2:12  Overlord  
  19  2:14  Drone x2  
  26  2:22  Zergling x2  
  27  2:37  Drone  
  27  2:38  Drone  
  27  2:42  Baneling Nest  
  28  2:48  Drone x2  
  30  3:00  Lair  
  30  3:02  Drone  
  31  3:13  Drone  
  31  3:14  Zergling x6  
  35  3:24  Spore Crawler  
  33  3:35  Extractor  
  33  3:40  Metabolic Boost  
  32  3:43  Drone x2  
  32  3:44  Drone x2  
  36  3:55  Overlord  
  36  3:56  Overlord  
  36  3:58  Hatchery  
  32  4:26  Zergling x2  
  32  4:27  Zergling x18  
  42  4:31  Spine Crawler  
  42  4:33  Spine Crawler  
  40  4:40  Zergling x10  
  45  4:46  Baneling x2  
  34  5:10  Zergling x20  
  45  5:14  Drone  
Show
View Real Time Build Order
Export as new Build Order

Curotto Protoss 

Build Orders:  

Get SALT Encoding   

  12  0:01  Probe (Chrono Boost)  
  13  0:10  Probe (Chrono Boost)  
  14  0:15  Probe (Chrono Boost)  
  15  0:23  Pylon  
  15  0:48  Gateway  
  15  0:51  Gateway  
  15  0:54  Probe  
  16  1:06  Probe  
  16  1:09  Gateway  
  17  1:19  Gateway  
  17  1:22  Probe  
  18  1:28  Pylon  
  18  1:37  Zealot  
  20  1:41  Zealot  
  22  1:47  Assimilator  
  22  1:53  Assimilator  
  22  2:03  Zealot  
  22  2:04  Zealot  
  26  2:10  Zealot  
  28  2:19  Pylon  
  28  2:23  Probe  
  29  2:30  Zealot  
  31  2:37  Probe  
  32  2:46  Zealot  
  32  2:49  Zealot, Probe  
  37  2:57  Zealot  
  39  3:06  Pylon  
  39  3:19  Cybernetics Core  
  39  3:53  Zealot x3  
  39  3:54  Zealot  
Show
View Real Time Build Order
Export as new Build Order

Michel Terran 

Build Orders:  

Get SALT Encoding   

  12  0:01  SCV  
  13  0:13  SCV  
  14  0:26  Supply Depot  
  14  0:53  Barracks  
  14  1:02  Barracks  
  14  1:05  SCV  
  14  1:08  Barracks  
  15  1:29  Barracks  
  15  1:33  Barracks  
  15  1:41  Marine  
  16  1:59  Marine x3  
  19  2:16  Marine  
  19  2:17  Marine x3  
  23  3:21  Supply Depot  
  23  3:42  Marine x5  
  23  3:45  Supply Depot  
  28  4:00  Marine x2  
  30  4:09  Marine x3  
  32  4:13  Supply Depot  
  33  4:30  Marine x4  
  33  4:31  Marine  
  38  4:48  Marine x2  
Tags
 
Add a new tag
Caveats
  • Supply blocks, unpowered buildings, or Contaminate may cause inaccurate times.
  • Supply counts are checked every 10 seconds.